 Dungeon Crawl Stone Soup version 0.26.1-11-gd32895ea62 (webtiles) character file.

Game seed: 5146915053025230151

187 mankey1987 the Skirmisher (level 5, -5/57 HPs)
             Began as an Ogre Berserker on May 27, 2021.
             Was a Believer of Trog.
             Slain by a gnoll (8 damage)
             ... on level 3 of the Dungeon.
             The game lasted 00:03:41 (3328 turns).

mankey1987 the Skirmisher (Ogre Berserker)          Turns: 3328, Time: 00:03:41

Health: -5/57      AC:  3    Str: 20 (21) XL:     5   Next: 66%
Magic:  5/5        EV:  5    Int:  2 (4)  God:    Trog [**....]
Gold:   145        SH:  0    Dex:  7 (9)  Spells: 4/4 levels left

rFire    . . .     SeeInvis .   a - +0 mace
rCold    . . .     Faith    .   (no shield)
rNeg     . . .     Spirit   .   b - +0 animal skin
rPois    .         Reflect  .   c - +0 hat
rElec    .         Harm     .   (no cloak)
rCorr    .         Rampage  .   (gloves unavailable)
Will     ++...                  (boots unavailable)
Stlth    +.........             (no amulet)
HPRegen  1.19/turn              i - -4 ring of intelligence (curse)
MPRegen  0.09/turn              (no ring)

@: berserk cooldown, held, regenerating, slowed, very slow
A: large, unfitting armour, tough skin 1
a: Renounce Religion, Berserk, Trog's Hand


You were on level 3 of the Dungeon.
You worshipped Trog.
Trog was pleased with you.
You visited 1 branch of the dungeon, and saw 3 of its levels.

You collected 145 gold pieces.

Inventory:

Hand Weapons
 a - a +0 mace (weapon)
Armour
 b - a +0 animal skin (worn)
 c - a +0 hat (worn)
Jewellery
 i - a cursed -4 ring of intelligence (left hand)
Wands
 q - a wand of polymorph (3)
Scrolls
 d - a scroll of noise {unknown}
 j - a scroll of enchant armour {unknown}
 l - 2 scrolls of teleportation {unknown}
 n - a scroll of identify {unknown}
Potions
 f - 2 potions of brilliance {unknown}
 g - a potion of curing {unknown}
 h - a potion of berserk rage {unknown}
 k - a potion of attraction {unknown}
 m - a potion of invisibility {unknown}
 o - a potion of resistance {unknown}
 p - a potion of might {unknown}
 r - a potion of flight {unknown}


   Skills:
 + Level 5.2 Fighting
 * Level 4.4 Maces & Flails
 + Level 3.6 Dodging


You had 4 spell levels left.
You didn't know any spells.
Your spell library was empty.

Dungeon Overview and Level Annotations

Branches:
Dungeon (3/15)

Altars:
Hepliaklqana
Qazlal
Ru
Uskayaw
The Shining One


Innate Abilities, Weirdness & Mutations

You are too large for most types of armour.
You have tough skin. (AC +1)


Message History

* * * LOW HITPOINT WARNING * * *
The gnoll hits you.
* * * LOW HITPOINT WARNING * * *
The quokka bites you but does no damage.
You tear a large gash into the net.
The gnoll barely misses you. The quokka barely misses you.
The gnoll completely misses you. The gnoll barely misses you.
The gnoll hits you.
* * * LOW HITPOINT WARNING * * *
The quokka bites you.
* * * LOW HITPOINT WARNING * * *
The gnoll hits you!
* * * LOW HITPOINT WARNING * * *
The gnoll hits you but does no damage.
Unknown command.
Okay, then.
It was a potion of degeneration.
There was something very wrong with that liquid.
You feel weakened.
You feel dopey.
You feel clumsy. The gnoll hits you!
You die...

##.(.................
##.....#......#.....
####.#######.P....g
#<(##............
####.###............
##....# #............
##..#### #............
####..## #gg..........
#.....#######@gg.........
##.......##...r.#)#....###
#................)##...#
##.................# ...#
#.(.8.8.8..........#....#
#..................#....##
#.........................
#..#...............#......
#..#_)...........>.#......


You could see 4 gnolls and a quokka.

Vanquished Creatures
  2 orc wizards (D:2)
  An orc priest (D:3)
  3 adders
  An ooze (D:1)
  A dart slug (D:1)
  3 leopard geckos (D:3)
  5 orcs
  A giant cockroach (D:1)
  7 goblins
  5 hobgoblins
  6 jackals (D:1)
  2 ball pythons
  10 bats
  4 frilled lizards
  4 kobolds
  A quokka zombie (D:3)
  4 rats
60 creatures vanquished.

Vanquished Creatures (others)
  5 plants (D:3)
  10 withered plants (D:3)
15 creatures vanquished.

Grand Total: 75 creatures vanquished

Notes
Turn   | Place    | Note
-------+----------+-------------------------------------------
     0 | D:1      | mankey1987 the Ogre Berserker began the quest for the Orb.
     0 | D:1      | Reached XP level 1. HP: 24/24 MP: 1/1
   189 | D:1      | Reached XP level 2. HP: 30/32 MP: 2/2
   477 | D:1      | Reached XP level 3. HP: 34/40 MP: 3/3
   553 | D:1      | Found a glowing golden altar of the Shining One.
   788 | D:1      | Reached ** piety under Trog
  1467 | D:2      | Found a sacrificial altar of Ru.
  1628 | D:2      | Reached XP level 4. HP: 35/49 MP: 4/4
  2119 | D:2      | Found a stormy altar of Qazlal.
  2121 | D:2      | Found a hazy altar of Hepliaklqana.
  2985 | D:3      | Found a hide-covered altar of Uskayaw.
  3060 | D:2      | Reached skill level 5 in Fighting
  3060 | D:2      | Reached XP level 5. HP: 43/57 MP: 5/5
  3327 | D:3      | HP: 1/57 [gnoll (8)]
  3328 | D:3      | Slain by a gnoll

Illustrated notes

Levels and vault maps discovered:
D:1:      heliophobic_arrival_henge, layout_loops_ring, tso_metal_star
D:2:      layout_basic, chequers_temple_overflow_statue_of_worship,
          nicolae_ru_sacrificial_ziggurat, minmay_statues_item,
          small_statue_intersection
D:3:      layout_rooms, grunt_temple_overflow_growth_and_decay,
          eat_drink_and_be_merry_uskayaw, serial_undead, serial_undead_e,
          serial_undead_b, serial_undead_f, serial_undead_f

Skill      XL: |  1  2  3  4 |
---------------+-------------+-----
Maces & Flails | 3 4 |  4.4
Dodging        | 3 |  3.6
Fighting       | 5 |  5.2

Action                   |  1- 3 |  4- 6 || total
-------------------------+-------+-------++-------
Melee: Mace              |   128 |    79 ||   207
Invok: Berserk           |       |     2 ||     2
       Trog's Hand       |       |     1 ||     1
  Use: Potion            |       |     1 ||     1
Armor: Animal skin       |    62 |    40 ||   102
Dodge: Dodged            |   105 |    71 ||   176
